 Dungeon Crawl Stone Soup version 0.26.1-11-gd32895ea62 (webtiles) character file.

Game seed: 11350544279228552874

5694 nothank2 the Bludgeoner (level 10, -5/83 HPs)
             Began as a Minotaur Fighter on June 25, 2021.
             Was a Priest of Makhleb.
             Killed from afar by Erica (11 damage)
             ... with a lance of force
             ... on level 9 of the Dungeon.
             The game lasted 00:24:40 (9445 turns).

nothank2 the Bludgeoner (Minotaur Fighter)          Turns: 9445, Time: 00:24:41

Health: -5/83      AC: 17    Str: 25    XL:     10   Next: 47%
Magic:  9/9        EV:  5    Int:  5    God:    Makhleb [***...]
Gold:   151        SH: 15    Dex:  9    Spells: 9/9 levels left

rFire    . . .     SeeInvis .   v - +1 morningstar (holy)
rCold    + . .     Faith    .   c - +0 kite shield
rNeg     . . .     Spirit   .   N - +0 plate armour
rPois    .         Reflect  +   (helmet restricted)
rElec    .         Harm     .   w - +2 cloak {Will+}
rCorr    .         Rampage  .   M - +1 pair of gloves
Will     +....                  (no boots)
Stlth    ..........             s - amulet of reflection
HPRegen  0.23/turn              r - ring of protection from cold
MPRegen  0.11/turn              (no ring)

@: lethally poisoned (-5 -> -10), hasted, very quick
A: retaliatory headbutt, horns 2
a: Renounce Religion, Minor Destruction, Lesser Servant of Makhleb


You were on level 9 of the Dungeon.
You worshipped Makhleb.
Makhleb was most pleased with you.
You visited 2 branches of the dungeon, and saw 10 of its levels.

You collected 453 gold pieces.
You spent 302 gold pieces at shops.

Inventory:

Hand Weapons
 a - a +1 flail
 o - a +1 whip of venom
 v - a +1 morningstar of holy wrath (weapon)
Missiles
 D - 18 poisoned darts (quivered)
Armour
 b - a +0 scale mail
 c - a +0 kite shield (worn)
 w - a +2 cloak of willpower (worn)
 M - a +1 pair of gloves (worn)
 N - a +0 plate armour (worn)
Jewellery
 r - a ring of protection from cold (left hand)
 s - an amulet of reflection (around neck)
 B - an uncursed amulet of guardian spirit
 I - an uncursed ring of flight
Wands
 q - a wand of paralysis (16)
 A - a wand of random effects (17)
 E - a wand of iceblast (11)
 G - a wand of flame (12)
 O - a wand of disintegration (25)
Scrolls
 f - 3 scrolls of remove curse
 g - 5 scrolls of teleportation
 h - 2 scrolls of magic mapping
 i - 2 scrolls of enchant weapon
 j - 3 scrolls of enchant armour
 k - 3 scrolls of amnesia
 n - 2 scrolls of immolation
 u - 3 scrolls of identify
 z - a scroll of random uselessness
 P - a scroll of brand weapon
Potions
 d - 2 potions of might
 e - a potion of resistance
 l - 3 potions of haste
 m - 3 potions of magic
 p - a potion of flight {unknown}
 t - a potion of mutation {unknown}
 x - 3 potions of lignification
 C - a potion of brilliance
 F - 2 potions of curing
 H - a potion of attraction {unknown}
 J - 2 potions of cancellation
 L - a potion of degeneration {unknown}


   Skills:
 + Level 6.1 Fighting
 - Level 15.8 Maces & Flails
 - Level 1.6 Throwing
 + Level 5.2 Armour
 + Level 1.1 Dodging
 + Level 6.1 Shields


You had 9 spell levels left.
You didn't know any spells.
Your spell library was empty.

Dungeon Overview and Level Annotations

Branches:
Dungeon (9/15)             Temple (1/1) D:7
   Lair: D:8-11         Orc: D:9-12

Altars:
Elyvilon
Fedhas
Gozag
Makhleb
Nemelex Xobeh
Trog
Uskayaw
Xom

Shops:
D:7 [[?   D:8 }

Annotations:
D:8 2 transporters
D:9 Erica


Innate Abilities, Weirdness & Mutations

You reflexively headbutt those who attack you in melee.
You have a pair of horns on your head.


Message History

Your shield and plate armour prevent you from hitting Erica.
You headbutt Erica, but do no damage.
Erica is moderately wounded.
You feel sick. Something hits you.
* * * LOW HITPOINT WARNING * * *
You block the orc warrior's attack. You block the orc's attack.
You feel sick.
Erica screams, "Die!"
Erica hits you with a +0 scimitar of flaming.
* * * LOW HITPOINT WARNING * * *
Erica burns you.
* * * LOW HITPOINT WARNING * * *
You feel yourself speed up.
* * * LOW HITPOINT WARNING * * *
You feel sick. You block the orc warrior's attack.
* * * LOW HITPOINT WARNING * * *
You feel sick. Erica casts a spell at you. The lance of force hits you!
You die...

##........#.########.#
#.(.........)........#
#.###...o.....#.##########
........o......[..........
...(...(oo)...#.##########
......###(#.#.#..###......
..... #@#.#.#.........##
.... #.#.#.#..###.##.# #.#
#@#.#.#..###.##.## .
#.#.#.#.......#...
#.#.#.#..###.....#
........>..(......
......##.###.....#
####......###)....# .
.......(.....
#..#.####.....# ..........


You could see Erica, an orc warrior, an orc priest and 2 orcs.

Vanquished Creatures
  Pikel (D:5)
  Sigmund (D:6)
  3 yaks (D:9)
  Edmund (D:6)
  Duvessa (D:4)
  A water moccasin (D:7)
  2 ice beasts
  4 sky beasts
  A black bear (D:7)
  6 orc warriors
  2 ogres (D:9)
  A phantom (D:8)
  6 centaurs
  A lemure (D:5)
  A big kobold (D:5)
  5 bullfrogs
  A wyvern zombie (D:8)
  A gnoll sergeant (D:8)
  Dowan (D:4)
  2 scorpions
  12 killer bees
  2 howler monkeys (D:4)
  5 hounds
  2 jellies
  4 orc priests
  A bullfrog skeleton (D:4)
  2 centaur skeletons
  Crazy Yiuf (D:3)
  5 orc wizards
  2 iguanas
  5 worker ants
  A worker ant zombie (D:5)
  7 gnolls
  7 adders
  A shadow imp (D:5)
  A white imp (D:8)
  An ufetubus (D:5)
  An ooze (D:3)
  3 adder zombies
  A dart slug (D:1)
  A worm (D:3)
  4 leopard geckos
  44 orcs
  8 giant cockroaches
  15 goblins
  11 hobgoblins
  11 jackals
  27 kobolds
  5 quokkas
  A ball python (D:2)
  5 bats
  4 frilled lizards
  A quokka zombie (D:8)
  17 rats
260 creatures vanquished.

Vanquished Creatures (others)
  A bullfrog skeleton (D:5)
  A kobold (D:5)
  54 plants (D:5)
56 creatures vanquished.

Grand Total: 316 creatures vanquished

Notes
Turn   | Place    | Note
-------+----------+-------------------------------------------
     0 | D:1      | nothank2 the Minotaur Fighter began the quest for the Orb.
     0 | D:1      | Reached XP level 1. HP: 19/19 MP: 0/0
   144 | D:1      | Reached skill level 3 in Maces & Flails
   207 | D:1      | Reached XP level 2. HP: 22/26 MP: 1/1
   609 | D:1      | Reached skill level 4 in Maces & Flails
   942 | D:2      | Reached XP level 3. HP: 31/31 MP: 2/2
  1319 | D:2      | Reached skill level 5 in Maces & Flails
  1356 | D:2      | Noticed a scorpion
  1362 | D:2      | Killed a scorpion
  1363 | D:2      | Reached XP level 4. HP: 21/39 MP: 3/3
  1533 | D:2      | Reached skill level 6 in Maces & Flails
  1856 | D:3      | Reached XP level 5. HP: 45/45 MP: 4/4
  2168 | D:3      | Reached skill level 7 in Maces & Flails
  2345 | D:3      | Reached XP level 6. HP: 22/51 MP: 5/5
  2572 | D:3      | Found a runed translucent door.
  2573 | D:3      | Noticed Crazy Yiuf
  2580 | D:3      | Killed Crazy Yiuf
  2581 | D:3      | Reached skill level 8 in Maces & Flails
  2883 | D:4      | Found a hide-covered altar of Uskayaw.
  2932 | D:4      | Noticed Duvessa
  2936 | D:4      | Noticed Dowan
  2949 | D:4      | Killed Duvessa
  2950 | D:4      | Reached skill level 9 in Maces & Flails
  2956 | D:4      | Killed Dowan
  2957 | D:4      | Reached XP level 7. HP: 18/57 MP: 6/6
  2987 | D:4      | HP: 2/57 [poisoned by Dowan]
  2995 | D:4      | HP: 2/57 [poisoned by Dowan]
  3747 | D:5      | Entered Level 5 of the Dungeon
  3842 | D:5      | Reached skill level 10 in Maces & Flails
  4227 | D:5      | Found an opulent altar of Gozag.
  4925 | D:5      | Noticed Pikel
  4942 | D:5      | Killed Pikel
  4943 | D:5      | Reached skill level 12 in Maces & Flails
  4943 | D:5      | Reached skill level 1 in Throwing
  4943 | D:5      | Reached XP level 8. HP: 56/64 MP: 7/7
  5778 | D:6      | Noticed Sigmund
  5790 | D:6      | Killed Sigmund
  5791 | D:6      | Reached skill level 13 in Maces & Flails
  5808 | D:6      | Noticed Edmund
  5812 | D:6      | Killed Edmund
  6005 | D:6      | Reached XP level 9. HP: 66/70 MP: 8/8
  6400 | D:7      | Found a staircase to the Ecumenical Temple.
  6410 | Temple   | Entered the Ecumenical Temple
  6473 | Temple   | Became a worshipper of Makhleb the Destroyer
  6525 | D:7      | Found Coicw's Armour Emporium.
  6533 | D:7      | Bought a +0 pair of gloves for 49 gold pieces
  6709 | D:7      | Reached skill level 14 in Maces & Flails
  7331 | D:7      | Found Feyng's Magic Scroll Boutique.
  7336 | D:7      | Bought a scroll of remove curse for 33 gold pieces
  7336 | D:7      | Bought a scroll of brand weapon for 220 gold pieces
  7366 | D:7      | Found Koaskufe's Antique Armour Emporium.
  7720 | D:8      | Reached * piety under Makhleb
  7774 | D:8      | Reached skill level 15 in Maces & Flails
  8216 | D:8      | Reached ** piety under Makhleb
  8245 | D:8      | Found a transporter.
  8507 | D:8      | Noticed a kobold demonologist
  8519 | D:8      | Found a transporter.
  8565 | D:8      | Reached XP level 10. HP: 78/78 MP: 9/9
  8644 | D:8      | Reached skill level 1 in Dodging
  8788 | D:8      | Found Itoaq's Gadget Shoppe.
  9173 | D:9      | Reached skill level 5 in Fighting
  9180 | D:9      | Reached skill level 5 in Shields
  9324 | D:9      | Reached *** piety under Makhleb
  9325 | D:9      | Reached skill level 5 in Armour
  9425 | D:9      | Noticed Erica
  9445 | D:9      | Killed from afar by Erica

Illustrated notes

Levels and vault maps discovered:
D:1:      dpeg_arrival_oval, layout_basic, hangedman_decor_push
D:2:      kennysheep_six_static_rooms, layout_basic
D:3:      layout_basic, uniq_crazy_yiuf_cottage
D:4:      layout_loops_cross, eat_drink_and_be_merry_uskayaw, uniq_duvessa
D:5:      kennysheep_kobold_camp, layout_loops_ring,
          chequers_serial_rivers_micro_e, minmay_misc_feat_rugged,
          nicolae_gozag_cash_rules_everything_around_me, uniq_pikel
D:6:      layout_gridville, sigmund_edmund_badplayer
D:7:      layout_loops_cross, minmay_temple_entry_mini_moons, serial_shops,
          shop, kennysheep_little_box, shop, minmay_misc_feat_alley
D:8:      gammafunk_wand_slinger, layout_basic, special_room [special_room_orc],
          serial_shops, nicolae_shop_waterfront, hangedman_decor_lopped,
          minmay_misc_feat_hallway
D:9:      dragon1_lemuel, layout_basic, uniq_erica
Temple:   roderic_octagonal_lattice_temple

Skill      XL: |  1  2  3  4  5  6  7  8  9 10 |
---------------+-------------------------------+-----
Maces & Flails | 3 4 5 6 7 9 12 13 15 | 15.8
Throwing       | 1 |  1.6
Shields        | 6 |  6.1
Fighting       | 6 |  6.1
Armour         | 5 |  5.2
Dodging        | 1 |  1.1

Action                   |  1- 3 |  4- 6 |  7- 9 | 10-12 || total
-------------------------+-------+-------+-------+-------++-------
Melee: Flail             |    87 |       |       |       ||    87
       Headbutt          |    13 |    25 |    51 |    18 ||   107
       Whip              |    34 |   145 |       |       ||   179
       Morningstar       |       |    28 |   451 |    98 ||   577
Throw: Dart              |       |       |    29 |    12 ||    41
  Use: Scroll            |       |       |    16 |       ||    16
       Potion            |       |       |     1 |     1 ||     2
 Stab: Distracted        |       |       |     1 |       ||     1
Armor: Scale mail        |    45 |    36 |    47 |       ||   128
       Plate armour      |       |       |    79 |    33 ||   112
Dodge: Dodged            |    43 |    34 |    59 |    11 ||   147
Block: Kite shield       |    63 |    78 |   248 |    67 ||   456
       Reflection        |       |       |    14 |     9 ||    23
